 Dungeon Crawl Stone Soup version 0.18.0-2-g198d6d4 (webtiles) character file.

74 nikopol the Chopper (level 4, -2/41 HPs)
             Began as a Hill Orc Berserker on May 5, 2016.
             Was a Follower of Trog.
             Slain by an adder (4 damage)
             ... on level 2 of the Dungeon.
             The game lasted 00:02:35 (1622 turns).

nikopol the Chopper (Hill Orc Berserker)            Turns: 1622, Time: 00:02:35

Health: -2/41      AC:  0    Str: 19    XL:     4   Next: 28%
Magic:  4/4        EV: 12    Int:  7    God:    Trog [*.....]
Gold:   37         SH:  0    Dex: 11    Spells: 0 memorised, 3 levels left

rFire  + . .     SeeInvis .     a - +0 hand axe
rCold  . . .     Gourm    .     p - +0 leather armour
rNeg   . . .     Faith    .     (no shield)
rPois  .         Spirit   .     (no helmet)
rElec  .         Dismiss  .     (no cloak)
rCorr  .         Reflect  .     (no gloves)
SustAt .         Harm     .     (no boots)
MR     .....                    (no amulet)
Stlth  +.........               f - -3 ring of protection (curse)
                                e - ring of protection from fire

@: lethally poisoned (-2 -> -7), not resistant to hostile enchantments, very
unstealthy
A: no striking features
a: Berserk, Burn Spellbooks, Renounce Religion


You were on level 2 of the Dungeon.
You worshipped Trog.
Trog was aware of your devotion.
You were very hungry.

You visited 1 branch of the dungeon, and saw 2 of its levels.

You collected 37 gold pieces.

Inventory:

Hand Weapons
 a - a +0 hand axe (weapon)
Missiles
 n - 6 tomahawks (quivered)
Armour
 b - a +0 animal skin
 p - a +0 leather armour (worn)
Jewellery
 e - a ring of protection from fire (left hand)
 f - a cursed -3 ring of protection (right hand)
Scrolls
 g - a scroll of remove curse {unknown}
 h - a scroll of fog {unknown}
 i - 3 scrolls of teleportation {unknown}
 o - a scroll of noise {unknown}
Potions
 d - a potion of degeneration {unknown}
 j - a potion of curing {unknown}
 l - a potion of agility {unknown}
 q - a potion of flight {unknown}
Comestibles
 c - 2 bread rations
 k - a meat ration
 m - a fruit


   Skills:
 + Level 4.3 Fighting
 + Level 4.5 Axes
 + Level 2.9 Armour
 + Level 2.4 Dodging


You had 3 spell levels left.
You didn't know any spells.

Dungeon Overview and Level Annotations

Branches:
Dungeon (2/15)

Altars:
Vehumet


Message History

You are more poisoned.
The adder poisons you! The adder closely misses you.
You barely miss the adder.
The adder is severely wounded.
You feel sick. The adder bites you.
* * * LOW HITPOINT WARNING * * *
You are too injured to fight recklessly!
You are too injured to fight recklessly!
You barely miss the adder.
The adder is severely wounded.
* * * LOW HITPOINT WARNING * * *
You feel sick. The adder bites you.
* * * LOW HITPOINT WARNING * * *
The adder bites you.
* * * LOW HITPOINT WARNING * * *
You miss the adder.
The adder is severely wounded.
* * * LOW HITPOINT WARNING * * *
You feel sick. The adder bites you.
You die...

..#. .### #.. ...#
#.. ..... # #..
.... ##. #.#...###
#...##.#......
#.......# ##@S..#
##.###.###
##)..##....
###.†...#.#.#
#.........#.#
#.###.....#.#####.#
#.# #.............#
#.###...###.#######
#......## #.#


You could see an adder.

Vanquished Creatures
  Ijyb (D:2)
  2 adders (D:2)
  A worm (D:2)
  A dart slug (D:2)
  A giant gecko (D:1)
  2 giant cockroaches (D:1)
  5 hobgoblins
  2 jackals (D:2)
  5 bats
  A giant newt (D:1)
  4 kobolds
  2 rats
27 creatures vanquished.

Notes
Turn   | Place    | Note
--------------------------------------------------------------
     0 | D:1      | nikopol the Hill Orc Berserker began the quest for the Orb.
     0 | D:1      | Reached XP level 1. HP: 19/19 MP: 1/1
   228 | D:1      | Reached XP level 2. HP: 13/27 MP: 2/2
   900 | D:2      | HP: 1/27 [kobold (4)]
  1232 | D:2      | Reached XP level 3. HP: 8/33 MP: 3/3
  1464 | D:2      | Noticed Ijyb
  1473 | D:2      | Killed Ijyb
  1473 | D:2      | Reached XP level 4. HP: 40/40 MP: 4/4
  1521 | D:2      | Found a radiant altar of Vehumet.
  1622 | D:2      | HP: 2/41 [poisoned by an adder]
  1622 | D:2      | Slain by an adder

Skill      XL: |  1  2 |
---------------+-------+-----
Fighting       | 4 |  4.3
Dodging        | 2 |  2.4
Axes           | |  4.5
Armour         | |  2.9

Action                   |  1- 3 |  4- 6 || total
-------------------------+-------+-------++-------
Melee: Hand axe          |    78 |    18 ||    96
Throw: Tomahawk          |     2 |       ||     2
Invok: Berserk           |     1 |       ||     1
 Stab: Sleeping          |     1 |       ||     1
  Eat: Chunk             |     2 |       ||     2
Dodge: Dodged            |    49 |    16 ||    65
